Dallas Stars vs Philadelphia Flyers
Created - Thursday, February 26, 2026 at 09:39
Goals
|
| Dallas Stars |
3 |
2 |
2 |
7 |
| Philadelphia Flyers |
0 |
0 |
2 |
2 |
|
Shots
|
| Dallas Stars |
17 |
13 |
7 |
37 |
| Philadelphia Flyers |
4 |
16 |
13 |
33 |
|
1st period
1. Dallas Stars , Brendan Gallagher 11 (Elias Lindholm 22, Trevor van Riemsdyk 13) at 2:42 (PP)
2. Dallas Stars , Elias Lindholm 17 (Trevor van Riemsdyk 14, Josh Anderson 11) at 13:19
3. Dallas Stars , Alex Iafallo 10 (Jordan Martinook 15) at 19:58 (PP)
Penalties :
Brandon Duhaime (PHI) for High sticking (Minor) at 2:33, Arber Xhekaj (DAL) for High sticking (Minor) at 6:29, Jack McBain (PHI) for Hooking (Minor) at 15:53, Nick Blankenburg (PHI) for Interference (Minor) at 18:43
2nd period
4. Dallas Stars , Luke Kunin 10 (Jordan Martinook 16, Jakob Chychrun 8) at 2:27
5. Dallas Stars , Philip Tomasino 4 (Jack Drury 7) at 5:54
Penalties :
Will Borgen (PHI) for Hooking (Minor) at 13:10
3rd period
6. Philadelphia Flyers , Jeff Skinner 10 (Radek Faksa 6, Henri Jokiharju 7) at 6:02
7. Philadelphia Flyers , Thomas Novak 10 (Kaapo Kakko 17, Cody Glass 17) at 9:49 (PP)
8. Dallas Stars , Luke Kunin 11 (Alex Iafallo 11, Jordan Martinook 17) at 13:46 (PP)
9. Dallas Stars , Brendan Gallagher 12 (Josh Anderson 12, Elias Lindholm 23) at 17:38 (PP)
Penalties :
Arber Xhekaj (DAL) for High sticking (Minor) at 0:32, Jordan Greenway (DAL) for Diving (Minor) at 9:31, Colton Sissons (PHI) for Tripping (Minor) at 13:00, Nick Blankenburg (PHI) for Roughing (Double Minor) at 17:34
Goalie Stats
Ukko-Pekka Luukkonen (DAL), 31 saves from 33 shots - (0.939), W, 8-6-4, 60:00 minutes
Jake Allen (PHI), 23 saves from 29 shots - (0.793), L, 13-9-1, 48:25 minutes
Dennis Hildeby (PHI), 7 saves from 8 shots - (0.875), 11:35 minutes
Players Stats for Dallas Stars
Player Name G A P +/- PIM S H SB GA TA FO MP PP MP PK MP
------------------------------------------------------------------------------------
Alex Iafallo 1 1 2 1 0 5 0 0 0 0 4/9 15:09 4:12 0:00
Arber Xhekaj 0 0 0 0 4 1 3 1 0 0 0/0 14:28 0:00 0:06
Brendan Gallagher 2 0 2 0 0 5 3 0 1 0 1/3 19:26 3:59 2:06
Cam York 0 0 0 0 0 1 0 0 0 0 0/0 19:10 3:59 1:40
Dougie Hamilton 0 0 0 0 0 2 1 0 1 0 0/0 23:32 4:12 2:30
Elias Lindholm 1 2 3 0 0 5 4 0 1 0 12/16 19:20 3:59 2:00
Jack Drury 0 1 1 0 0 1 0 0 0 0 2/7 10:33 0:00 0:10
Jakob Chychrun 0 1 1 2 0 3 3 2 1 0 0/0 23:16 3:59 1:57
Joel Kiviranta 0 0 0 0 0 1 2 0 0 0 0/0 9:28 0:00 0:00
Jonatan Berggren 0 0 0 1 0 1 0 0 0 0 6/15 12:52 0:00 0:00
Jordan Greenway 0 0 0 1 2 0 4 0 0 1 0/0 11:59 0:00 0:10
Jordan Martinook 0 3 3 1 0 2 2 0 0 0 1/2 19:12 4:12 2:06
Josh Anderson 0 2 2 0 0 0 1 0 1 0 1/1 19:20 3:59 2:00
Luke Kunin 2 0 2 1 0 5 1 0 0 0 1/1 17:06 4:12 0:00
Nils Lundkvist 0 0 0 2 0 0 2 1 1 2 0/0 17:32 0:00 0:13
Philip Tomasino 1 0 1 1 0 1 1 0 0 0 5/12 10:55 0:00 0:00
Trent Frederic 0 0 0 0 0 1 1 0 1 0 0/0 9:28 0:00 0:00
Trevor van Riemsdyk 0 2 2 0 0 3 1 2 0 0 0/0 22:55 4:12 2:06
Players Stats for Philadelphia Flyers
Player Name G A P +/- PIM S H SB GA TA FO MP PP MP PK MP
------------------------------------------------------------------------------------
Alex Steeves 0 0 0 -1 0 3 1 0 0 0 8/13 12:36 0:00 0:00
Brandon Duhaime 0 0 0 -1 2 0 0 0 0 2 0/0 12:26 0:00 0:00
Calle Jarnkrok 0 0 0 0 0 0 0 0 0 0 0/0 4:53 0:03 0:52
Cody Glass 0 1 1 -1 0 3 1 0 0 0 5/10 15:12 2:07 0:00
Cole Guttman 0 0 0 -1 0 2 1 0 1 0 1/1 13:57 0:03 0:24
Colton Sissons 0 0 0 0 2 4 2 0 0 0 7/18 20:39 2:06 3:46
Henri Jokiharju 0 1 1 0 0 0 2 1 0 0 0/0 19:52 2:33 2:26
J.J. Moser 0 0 0 -1 0 4 1 2 0 1 0/0 22:41 2:15 4:23
Jack McBain 0 0 0 -1 2 2 2 0 0 0 0/2 13:12 0:03 2:39
Jeff Skinner 1 0 1 1 0 3 3 0 1 0 0/1 17:53 2:06 3:57
Kaapo Kakko 0 1 1 -1 0 2 1 0 0 0 1/2 16:20 2:07 1:01
Kirby Dach 0 0 0 -1 0 3 1 0 0 0 1/1 13:47 2:06 0:00
Louis Crevier 0 0 0 -1 0 0 0 3 0 2 0/0 18:41 0:00 3:48
Nick Blankenburg 0 0 0 -1 6 2 0 0 0 1 0/0 21:57 2:07 3:01
Radek Faksa 0 1 1 1 0 0 1 0 0 0 10/16 15:55 0:00 3:43
Thomas Novak 1 0 1 -1 0 5 1 1 1 0 0/2 14:31 2:07 0:00
Will Borgen 0 0 0 0 2 0 1 0 0 1 0/0 20:46 0:00 2:44
Zac Jones 0 0 0 -1 0 0 0 1 0 0 0/0 16:25 1:37 0:00
3 Stars
1 - Elias Lindholm (DAL)
2 - Brendan Gallagher (DAL)
3 - Luke Kunin (DAL)
Power Play
Dallas Stars - 4 on 7 Attempt(s) - 57.14%
Philadelphia Flyers - 1 on 3 Attempt(s) - 33.33%
Penalty Kill
Dallas Stars - 2 on 3 Attempt(s) - 66.67%
- Score 0 goal in Penalty Kill
Philadelphia Flyers - 3 on 7 Attempt(s) - 42.86%
- Score 0 goal in Penalty Kill
Team Stat
Dallas Stars - Hits : 29 - Faceoff Wins : 33 - Blocked Shots : 6 - Penalty Minutes : 6
Philadelphia Flyers - Hits : 18 - Faceoff Wins : 33 - Blocked Shots : 8 - Penalty Minutes : 14
Official
Referees : Graham Skilliter and Francis Charron
Linesman : Kiel Murchison and Kilian McNamara
Game Notes
Dennis Hildeby is injured at 11:35 of 1st period (Bruised Right Foot)
Jake Allen enters game at 11:35 of 1st period
Calle Jarnkrok is injured at 18:21 of 1st period (Strained Right Knee)
Finance
Level 1 -- Attendance: 5780 (96.33%) -- Ticket Income $525,980
Level 2 -- Attendance: 4960 (99.20%) -- Ticket Income $257,920
Level 3 -- Attendance: 3000 (100.00%) -- Ticket Income $84,000
Level 4 -- Attendance: 4701 (94.02%) -- Ticket Income $84,618
Luxury Box -- Attendance: 886 (88.60%) -- Ticket Income $168,340
Game was played at the Wells Fargo Center.
Total Attendance: 19327 (96.64%)
Total Ticket Income: $1,120,858
Other Income: $392,300
Total Income: $1,513,158
Dallas Stars
5 vs 5 Forward
Center Left Wing Right Wing Time % Phy DF OF
1 Elias Lindholm Josh Anderson Brendan Gallagher 30 1 2 2
2 Jonatan Berggren Jordan Martinook Luke Kunin 30 1 2 2
3 Philip Tomasino Alex Iafallo Jordan Greenway 25 1 2 2
4 Jack Drury Joel Kiviranta Trent Frederic 15 1 2 2
5 vs 5 Defense
Defense Defense Time % Phy DF OF
1 Dougie Hamilton Trevor van Riemsdyk 30 1 2 2
2 Jakob Chychrun Nils Lundkvist 30 1 2 2
3 Cam York Arber Xhekaj 25 1 2 2
4 Dougie Hamilton Trevor van Riemsdyk 15 1 2 2
PowerPlay Forward
Center Left Wing Right Wing Time % Phy DF OF
1 Elias Lindholm Josh Anderson Brendan Gallagher 50 1 2 2
2 Alex Iafallo Jordan Martinook Luke Kunin 50 1 2 2
PowerPlay Defense
Defense Defense Time % Phy DF OF
1 Dougie Hamilton Trevor van Riemsdyk 50 1 2 2
2 Jakob Chychrun Cam York 50 1 2 2
Penalty Kill 4 Players Forward
Center Wing Time % Phy DF OF
1 Elias Lindholm Josh Anderson 50 1 2 2
2 Brendan Gallagher Jordan Martinook 50 1 2 2
Penalty Kill 4 Players Defense
Defense Defense Time % Phy DF OF
1 Dougie Hamilton Trevor van Riemsdyk 50 1 2 2
2 Jakob Chychrun Arber Xhekaj 50 1 2 2
Penalty Kill - 3 Players Forward
Forward Time % Phy DF OF
1 Elias Lindholm 50 1 2 2
2 Josh Anderson 50 1 2 2
Penalty Kill - 3 Players Defense
Defense Defense Time % Phy DF OF
1 Dougie Hamilton Trevor van Riemsdyk 50 1 2 2
2 Jakob Chychrun Arber Xhekaj 50 1 2 2
4 vs 4 Forward
Center Wing Time % Phy DF OF
1 Elias Lindholm Josh Anderson 50 1 2 2
2 Brendan Gallagher Jordan Martinook 50 1 2 2
4 vs 4 Defense
Defense Defense Time % Phy DF OF
1 Dougie Hamilton Trevor van Riemsdyk 50 1 2 2
2 Jakob Chychrun Cam York 50 1 2 2
Last Minutes Offensive
Center Left Wing Right Wing Defense Defense
Elias Lindholm Josh Anderson Brendan Gallagher Dougie Hamilton Trevor van Riemsdyk
Last Minutes Defensive
Center Left Wing Right Wing Defense Defense
Elias Lindholm Josh Anderson Brendan Gallagher Dougie Hamilton Trevor van Riemsdyk
Goaltenders
Starting : Ukko-Pekka Luukkonen
Backup : Alex Lyon
Extra Forwards
Normal : Alex Iafallo, Joel Kiviranta, Josh Anderson - PP : Alex Iafallo, Joel Kiviranta - PK : Elias Lindholm
Extra Defensemen
Normal : Cam York, Arber Xhekaj, Jakob Chychrun - PP : Cam York - PK : Arber Xhekaj, Jakob Chychrun
Penalty Shots
Elias Lindholm, Josh Anderson, Brendan Gallagher, Jordan Martinook, Alex Iafallo
Scratches
Ty Smith (Healthy), Filip Chytil (Bruised Right Arm Injury), Jonas Siegenthaler (Sprained Left Finger Injury), Marc-Andre Fleury (Healthy), Semyon Varlamov (Healthy)
Philadelphia Flyers
5 vs 5 Forward
Center Left Wing Right Wing Time % Phy DF OF
1 Colton Sissons Kirby Dach Jack McBain 25 1 2 2
2 Cody Glass Kaapo Kakko Brandon Duhaime 25 1 2 2
3 Alex Steeves Thomas Novak Cole Guttman 25 1 2 2
4 Radek Faksa Jeff Skinner Calle Jarnkrok 25 1 2 2
5 vs 5 Defense
Defense Defense Time % Phy DF OF
1 Nick Blankenburg J.J. Moser 35 1 2 2
2 Will Borgen Henri Jokiharju 35 1 2 2
3 Zac Jones Louis Crevier 30 1 2 2
4 Nick Blankenburg J.J. Moser 0 1 2 2
PowerPlay Forward
Center Left Wing Right Wing Time % Phy DF OF
1 Cody Glass Thomas Novak Kaapo Kakko 50 1 2 2
2 Colton Sissons Jeff Skinner Kirby Dach 50 1 2 2
PowerPlay Defense
Defense Defense Time % Phy DF OF
1 Nick Blankenburg Zac Jones 50 1 2 2
2 J.J. Moser Henri Jokiharju 50 1 2 2
Penalty Kill 4 Players Forward
Center Wing Time % Phy DF OF
1 Colton Sissons Calle Jarnkrok 50 1 2 2
2 Radek Faksa Jack McBain 50 1 2 2
Penalty Kill 4 Players Defense
Defense Defense Time % Phy DF OF
1 Nick Blankenburg J.J. Moser 50 1 2 2
2 Will Borgen Louis Crevier 50 1 2 2
Penalty Kill - 3 Players Forward
Forward Time % Phy DF OF
1 Colton Sissons 50 1 2 2
2 Kaapo Kakko 50 1 2 2
Penalty Kill - 3 Players Defense
Defense Defense Time % Phy DF OF
1 Nick Blankenburg J.J. Moser 50 1 2 2
2 Will Borgen Louis Crevier 50 1 2 2
4 vs 4 Forward
Center Wing Time % Phy DF OF
1 Colton Sissons Kirby Dach 50 1 2 2
2 Cody Glass Kaapo Kakko 50 1 2 2
4 vs 4 Defense
Defense Defense Time % Phy DF OF
1 Nick Blankenburg J.J. Moser 50 1 2 2
2 Will Borgen Henri Jokiharju 50 1 2 2
Last Minutes Offensive
Center Left Wing Right Wing Defense Defense
Cody Glass Thomas Novak Kaapo Kakko Nick Blankenburg J.J. Moser
Last Minutes Defensive
Center Left Wing Right Wing Defense Defense
Colton Sissons Radek Faksa Jack McBain Nick Blankenburg J.J. Moser
Goaltenders
Starting : Dennis Hildeby
Backup : Jake Allen
Extra Forwards
Normal : Colton Sissons, Cody Glass, Kaapo Kakko - PP : Cody Glass, Colton Sissons - PK : Colton Sissons
Extra Defensemen
Normal : J.J. Moser, Henri Jokiharju, Will Borgen - PP : J.J. Moser - PK : J.J. Moser, Henri Jokiharju
Penalty Shots
Kirby Dach, Thomas Novak, Kaapo Kakko, Cody Glass, Radek Faksa
Scratches
Juuso Parssinen (Healthy), Miles Wood (Healthy), Josh Mahura (Healthy), Dylan Roobroeck (Healthy), Paul Cotter (Healthy)
% Time on Ice - Dallas Stars
Lines # - Real PCT - Wanted PCT - Time Play
Normal Forward
1 - 29% - 30% - 13:54
2 - 28% - 30% - 13:16
3 - 23% - 25% - 10:55
4 - 20% - 15% - 9:28
Normal Defense
1 - 27% - 30% - 12:39
2 - 39% - 30% - 18:29
3 - 26% - 25% - 12:27
4 - 8% - 15% - 3:58
PP Forward
1 - 49% - 50% - 3:59
2 - 51% - 50% - 4:12
PP Defense
1 - 51% - 50% - 4:12
2 - 49% - 50% - 3:59
PK Forward
1 - 50% - 50% - 2:09
2 - 50% - 50% - 2:07
PK Defense
1 - 49% - 50% - 2:06
2 - 51% - 50% - 2:10
PK3 Forward
1 - 0% - 50%
2 - 0% - 50%
PK3 Defense
1 - 0% - 50%
2 - 0% - 50%
44 Forward
1 - 0% - 50%
2 - 0% - 50%
44 Defense
1 - 0% - 50%
2 - 0% - 50%
Last Minute Offensive - 0:00
Last Minute Defensive - 0:00
Total
Forward - 60:00
Defense - 60:00
|
% Time on Ice - Philadelphia Flyers
Lines # - Real PCT - Wanted PCT - Time Play
Normal Forward
1 - 22% - 25% - 10:37
2 - 26% - 25% - 12:11
3 - 26% - 25% - 12:36
4 - 26% - 25% - 12:09
Normal Defense
1 - 36% - 35% - 17:03
2 - 34% - 35% - 16:19
3 - 30% - 30% - 14:11
4 - 0% - 0% - 0:00
PP Forward
1 - 51% - 50% - 2:10
2 - 49% - 50% - 2:06
PP Defense
1 - 50% - 50% - 2:07
2 - 50% - 50% - 2:09
PK Forward
1 - 52% - 50% - 4:16
2 - 48% - 50% - 3:55
PK Defense
1 - 51% - 50% - 4:11
2 - 49% - 50% - 4:00
PK3 Forward
1 - 0% - 50%
2 - 0% - 50%
PK3 Defense
1 - 0% - 50%
2 - 0% - 50%
44 Forward
1 - 0% - 50%
2 - 0% - 50%
44 Defense
1 - 0% - 50%
2 - 0% - 50%
Last Minute Offensive - 0:00
Last Minute Defensive - 0:00
Total
Forward - 60:00
Defense - 60:00
|
Play-by-Play
1st period
0:01 of 1st period - Colton Sissons wins face-off versus Elias Lindholm in neutral zone.
0:48 of 1st period - Icing by Kaapo Kakko.
0:49 of 1st period - Philip Tomasino wins face-off versus Thomas Novak in Philadelphia Flyers zone.
0:58 of 1st period - Snap shot by Alex Iafallo.
0:58 of 1st period - Shot Misses the Net.
1:00 of 1st period - Slapshot by Alex Iafallo.
1:00 of 1st period - Stopped by Dennis Hildeby without a rebound.
1:01 of 1st period - Jack Drury wins face-off versus Radek Faksa in Philadelphia Flyers zone.
2:07 of 1st period - Slapshot by Philip Tomasino.
2:07 of 1st period - Shot Misses the Net.
2:09 of 1st period - Slapshot by Cam York.
2:09 of 1st period - Shot Misses the Net.
2:21 of 1st period - Cody Glass is hit by Philip Tomasino and loses puck.
2:33 of 1st period - Minor Penalty to Brandon Duhaime for High sticking.
2:34 of 1st period - Elias Lindholm wins face-off versus Colton Sissons in Philadelphia Flyers zone.
2:42 of 1st period - Wrist shot by Brendan Gallagher.
2:42 of 1st period - Goal by Brendan Gallagher - Dallas Stars : 1 - Philadelphia Flyers : 0.
2:43 of 1st period - Elias Lindholm wins face-off versus Radek Faksa in neutral zone.
2:52 of 1st period - Snap shot by Brendan Gallagher.
2:52 of 1st period - Stopped by Dennis Hildeby with a rebound.
2:58 of 1st period - Snap shot by Elias Lindholm.
2:58 of 1st period - Stopped by Dennis Hildeby without a rebound.
2:59 of 1st period - Jordan Martinook wins face-off versus Thomas Novak in Philadelphia Flyers zone.
3:29 of 1st period - Wrist shot by Jeff Skinner.
3:29 of 1st period - Stopped by Ukko-Pekka Luukkonen without a rebound.
3:30 of 1st period - Philip Tomasino wins face-off versus Radek Faksa in Dallas Stars zone.
3:35 of 1st period - Snap shot by Alex Iafallo.
3:35 of 1st period - Stopped by Dennis Hildeby with a rebound.
3:37 of 1st period - Slapshot by Jordan Greenway.
3:37 of 1st period - Shot Blocked by J.J. Moser.
3:39 of 1st period - Slapshot by Jordan Greenway.
3:39 of 1st period - Deflect By Philip Tomasino.
3:39 of 1st period - Shot Misses the Net.
3:39 of 1st period - Puck is out of play.
3:40 of 1st period - Colton Sissons wins face-off versus Jack Drury in Philadelphia Flyers zone.
4:19 of 1st period - Off-side.
4:20 of 1st period - Alex Steeves wins face-off versus Jonatan Berggren in neutral zone.
5:06 of 1st period - Snap shot by Philip Tomasino.
5:06 of 1st period - Shot Misses the Net.
5:16 of 1st period - Snap shot by Elias Lindholm.
5:16 of 1st period - Shot Misses the Net.
5:32 of 1st period - Snap shot by Trent Frederic.
5:32 of 1st period - Stopped by Dennis Hildeby with a rebound.
5:34 of 1st period - Snap shot by Joel Kiviranta.
5:34 of 1st period - Shot Blocked by Louis Crevier.
5:36 of 1st period - Snap shot by Joel Kiviranta.
5:36 of 1st period - Shot Misses the Net.
5:38 of 1st period - Snap shot by Joel Kiviranta.
5:38 of 1st period - Shot Misses the Net.
6:20 of 1st period - Louis Crevier is hit by Jordan Greenway and loses puck.
6:29 of 1st period - Minor Penalty to Arber Xhekaj for High sticking.
6:30 of 1st period - Elias Lindholm wins face-off versus Cody Glass in Dallas Stars zone.
7:01 of 1st period - Elias Lindholm is hit by Jeff Skinner and loses puck.
8:06 of 1st period - Nick Blankenburg is hit by Elias Lindholm.
8:29 of 1st period - Penalty to Arber Xhekaj is over, Arber Xhekaj is back on ice.
8:29 of 1st period - Icing by Jack Drury.
8:30 of 1st period - Cole Guttman wins face-off versus Jack Drury in Dallas Stars zone.
9:25 of 1st period - Elias Lindholm is hit by Kirby Dach and loses puck.
9:32 of 1st period - J.J. Moser is hit by Elias Lindholm and loses puck.
9:58 of 1st period - Slapshot by Cole Guttman.
9:58 of 1st period - Deflect By Thomas Novak.
9:58 of 1st period - Shot Misses the Net.
9:58 of 1st period - Puck is out of play.
9:59 of 1st period - Jack Drury wins face-off versus Alex Steeves in Dallas Stars zone.
10:22 of 1st period - Luke Kunin is hit by Jack McBain and loses puck.
10:53 of 1st period - Josh Anderson is hit by Henri Jokiharju and loses puck.
11:10 of 1st period - Dougie Hamilton is hit by Cody Glass and loses puck.
11:33 of 1st period - Snap shot by Jack Drury.
11:33 of 1st period - Stopped by Dennis Hildeby with a rebound.
11:35 of 1st period - Snap shot by Joel Kiviranta.
11:35 of 1st period - Stopped by Dennis Hildeby with a rebound.
11:35 of 1st period - Dennis Hildeby from Philadelphia Flyers is injured at 11:35 of 1st period (Bruised Right Foot).
11:35 of 1st period - Jake Allen enters game.
11:36 of 1st period - Jonatan Berggren wins face-off versus Jeff Skinner in Philadelphia Flyers zone.
11:49 of 1st period - Slapshot by Dougie Hamilton.
11:49 of 1st period - Shot Misses the Net.
12:06 of 1st period - Dougie Hamilton is hit by Will Borgen and loses puck.
12:11 of 1st period - Snap shot by Kaapo Kakko.
12:11 of 1st period - Shot Blocked by Trevor van Riemsdyk.
12:23 of 1st period - Wrist shot by Thomas Novak.
12:23 of 1st period - Stopped by Ukko-Pekka Luukkonen without a rebound.
12:24 of 1st period - Alex Steeves wins face-off versus Jonatan Berggren in Dallas Stars zone.
13:10 of 1st period - Snap shot by Elias Lindholm.
13:10 of 1st period - Shot Misses the Net.
13:12 of 1st period - Snap shot by Arber Xhekaj.
13:12 of 1st period - Deflect By Calle Jarnkrok.
13:12 of 1st period - Stopped by Jake Allen without a rebound.
13:13 of 1st period - Elias Lindholm wins face-off versus Cody Glass in Philadelphia Flyers zone.
13:19 of 1st period - Snap shot by Elias Lindholm.
13:19 of 1st period - Goal by Elias Lindholm - Dallas Stars : 2 - Philadelphia Flyers : 0.
13:20 of 1st period - Radek Faksa wins face-off versus Jonatan Berggren in neutral zone.
13:31 of 1st period - Snap shot by Jeff Skinner.
13:31 of 1st period - Shot Misses the Net.
13:52 of 1st period - Slapshot by Jakob Chychrun.
13:52 of 1st period - Stopped by Jake Allen with a rebound.
14:07 of 1st period - Off-side.
14:08 of 1st period - Cody Glass wins face-off versus Jack Drury in neutral zone.
14:11 of 1st period - Snap shot by Cody Glass.
14:11 of 1st period - Stopped by Ukko-Pekka Luukkonen with a rebound.
14:13 of 1st period - Snap shot by Kaapo Kakko.
14:13 of 1st period - Stopped by Ukko-Pekka Luukkonen without a rebound.
14:14 of 1st period - Alex Steeves wins face-off versus Jonatan Berggren in Dallas Stars zone.
14:24 of 1st period - Off-side.
14:25 of 1st period - Elias Lindholm wins face-off versus Cody Glass in neutral zone.
14:52 of 1st period - Henri Jokiharju is hit by Arber Xhekaj and loses puck.
14:59 of 1st period - Cam York is hit by Jeff Skinner and loses puck.
15:19 of 1st period - Nick Blankenburg is hit by Dougie Hamilton and loses puck.
15:53 of 1st period - Minor Penalty to Jack McBain for Hooking.
15:54 of 1st period - Radek Faksa wins face-off versus Alex Iafallo in Philadelphia Flyers zone.
16:50 of 1st period - Nick Blankenburg is hit by Brendan Gallagher and loses puck.
17:19 of 1st period - Slapshot by Jakob Chychrun.
17:19 of 1st period - Stopped by Jake Allen without a rebound.
17:20 of 1st period - Colton Sissons wins face-off versus Alex Iafallo in Philadelphia Flyers zone.
17:53 of 1st period - Penalty to Jack McBain is over, Jack McBain is back on ice.
18:20 of 1st period - Calle Jarnkrok is hit by Jordan Greenway and loses puck.
18:21 of 1st period - Calle Jarnkrok from Philadelphia Flyers is injured at 18:21 of 1st period (Strained Right Knee).
18:22 of 1st period - Elias Lindholm wins face-off versus Cody Glass in Philadelphia Flyers zone.
18:43 of 1st period - Minor Penalty to Nick Blankenburg for Interference.
18:44 of 1st period - Alex Iafallo wins face-off versus Colton Sissons in Philadelphia Flyers zone.
18:55 of 1st period - Slapshot by Jordan Martinook.
18:55 of 1st period - Stopped by Jake Allen with a rebound.
18:57 of 1st period - Slapshot by Trevor van Riemsdyk.
18:57 of 1st period - Stopped by Jake Allen without a rebound.
18:58 of 1st period - Elias Lindholm wins face-off versus Colton Sissons in Philadelphia Flyers zone.
19:07 of 1st period - Snap shot by Brendan Gallagher.
19:07 of 1st period - Deflect By Elias Lindholm.
19:07 of 1st period - Shot Misses the Net.
19:07 of 1st period - Puck is out of play.
19:08 of 1st period - Colton Sissons wins face-off versus Brendan Gallagher in Philadelphia Flyers zone.
19:29 of 1st period - Jack McBain is hit by Brendan Gallagher.
19:35 of 1st period - Slapshot by Dougie Hamilton.
19:35 of 1st period - Stopped by Jake Allen with a rebound.
19:37 of 1st period - Snap shot by Josh Anderson.
19:37 of 1st period - Shot Misses the Net.
19:45 of 1st period - Snap shot by Elias Lindholm.
19:45 of 1st period - Deflect By Brendan Gallagher.
19:45 of 1st period - Stopped by Jake Allen without a rebound.
19:46 of 1st period - Radek Faksa wins face-off versus Alex Iafallo in Philadelphia Flyers zone.
19:46 of 1st period - Radek Faksa is hit by Jakob Chychrun.
19:58 of 1st period - Slapshot by Alex Iafallo.
19:58 of 1st period - Goal by Alex Iafallo - Dallas Stars : 3 - Philadelphia Flyers : 0.
19:59 of 1st period - Alex Steeves wins face-off versus Jonatan Berggren in neutral zone.
Goals for this period are 3 for Dallas Stars vs 0 for Philadelphia Flyers.
Shots for this period are 17 for Dallas Stars vs 4 for Philadelphia Flyers.
2nd period
0:01 of 2nd period - Jonatan Berggren wins face-off versus Alex Steeves in neutral zone.
0:04 of 2nd period - Slapshot by Jonatan Berggren.
0:04 of 2nd period - Shot Hit the Post.
0:16 of 2nd period - Snap shot by Cole Guttman.
0:16 of 2nd period - Stopped by Ukko-Pekka Luukkonen with a rebound.
0:51 of 2nd period - J.J. Moser is hit by Brendan Gallagher and loses puck.
0:58 of 2nd period - Slapshot by Dougie Hamilton.
0:58 of 2nd period - Stopped by Jake Allen without a rebound.
0:59 of 2nd period - Radek Faksa wins face-off versus Philip Tomasino in Philadelphia Flyers zone.
1:08 of 2nd period - Snap shot by Jeff Skinner.
1:08 of 2nd period - Stopped by Ukko-Pekka Luukkonen with a rebound.
1:10 of 2nd period - Snap shot by Colton Sissons.
1:10 of 2nd period - Stopped by Ukko-Pekka Luukkonen without a rebound.
1:11 of 2nd period - Alex Steeves wins face-off versus Jonatan Berggren in Dallas Stars zone.
1:38 of 2nd period - Philip Tomasino is hit by Colton Sissons and loses puck.
1:47 of 2nd period - Snap shot by Colton Sissons.
1:47 of 2nd period - Shot Blocked by Jakob Chychrun.
1:59 of 2nd period - Jakob Chychrun is hit by Henri Jokiharju and loses puck.
2:15 of 2nd period - Icing by Josh Anderson.
2:16 of 2nd period - Elias Lindholm wins face-off versus Colton Sissons in Dallas Stars zone.
2:21 of 2nd period - Wrist shot by Jordan Martinook.
2:21 of 2nd period - Shot Misses the Net.
2:23 of 2nd period - Snap shot by Luke Kunin.
2:23 of 2nd period - Shot Blocked by Louis Crevier.
2:25 of 2nd period - Slapshot by Luke Kunin.
2:25 of 2nd period - Stopped by Jake Allen with a rebound.
2:27 of 2nd period - Snap shot by Luke Kunin.
2:27 of 2nd period - Goal by Luke Kunin - Dallas Stars : 4 - Philadelphia Flyers : 0.
2:28 of 2nd period - Luke Kunin wins face-off versus Alex Steeves in neutral zone.
2:33 of 2nd period - Snap shot by Luke Kunin.
2:33 of 2nd period - Stopped by Jake Allen with a rebound.
2:35 of 2nd period - Wrist shot by Jonatan Berggren.
2:35 of 2nd period - Stopped by Jake Allen with a rebound.
2:37 of 2nd period - Slapshot by Jordan Martinook.
2:37 of 2nd period - Stopped by Jake Allen without a rebound.
2:38 of 2nd period - Alex Steeves wins face-off versus Jonatan Berggren in Philadelphia Flyers zone.
2:58 of 2nd period - Wrist shot by Alex Steeves.
2:58 of 2nd period - Shot Misses the Net.
3:09 of 2nd period - Slapshot by Alex Steeves.
3:09 of 2nd period - Stopped by Ukko-Pekka Luukkonen without a rebound.
3:10 of 2nd period - Philip Tomasino wins face-off versus Colton Sissons in Dallas Stars zone.
3:14 of 2nd period - Off-side.
3:15 of 2nd period - Colton Sissons wins face-off versus Philip Tomasino in neutral zone.
3:44 of 2nd period - Snap shot by Nick Blankenburg.
3:44 of 2nd period - Stopped by Ukko-Pekka Luukkonen with a rebound.
4:22 of 2nd period - Wrist shot by Thomas Novak.
4:22 of 2nd period - Deflect By Cole Guttman.
4:22 of 2nd period - Shot Misses the Net.
4:22 of 2nd period - Puck is out of play.
4:23 of 2nd period - Alex Steeves wins face-off versus Jack Drury in Dallas Stars zone.
4:26 of 2nd period - Snap shot by Cole Guttman.
4:26 of 2nd period - Stopped by Ukko-Pekka Luukkonen with a rebound.
4:43 of 2nd period - Off-side.
4:44 of 2nd period - Radek Faksa wins face-off versus Philip Tomasino in neutral zone.
4:49 of 2nd period - Wrist shot by Colton Sissons.
4:49 of 2nd period - Shot Misses the Net.
5:09 of 2nd period - Kaapo Kakko is hit by Elias Lindholm.
5:33 of 2nd period - Cole Guttman is hit by Luke Kunin and loses puck.
5:54 of 2nd period - Wrist shot by Philip Tomasino.
5:54 of 2nd period - Goal by Philip Tomasino - Dallas Stars : 5 - Philadelphia Flyers : 0.
5:55 of 2nd period - Elias Lindholm wins face-off versus Colton Sissons in neutral zone.
5:58 of 2nd period - Wrist shot by Dougie Hamilton.
5:58 of 2nd period - Shot Misses the Net.
6:00 of 2nd period - Snap shot by Brendan Gallagher.
6:00 of 2nd period - Stopped by Jake Allen with a rebound.
6:02 of 2nd period - Wrist shot by Elias Lindholm.
6:02 of 2nd period - Stopped by Jake Allen with a rebound.
6:06 of 2nd period - Wrist shot by Elias Lindholm.
6:06 of 2nd period - Stopped by Jake Allen with a rebound.
6:08 of 2nd period - Snap shot by Elias Lindholm.
6:08 of 2nd period - Shot Misses the Net.
6:10 of 2nd period - Snap shot by Josh Anderson.
6:10 of 2nd period - Shot Blocked by J.J. Moser.
6:20 of 2nd period - Dougie Hamilton is hit by Jeff Skinner and loses puck.
6:31 of 2nd period - Snap shot by Cody Glass.
6:31 of 2nd period - Stopped by Ukko-Pekka Luukkonen without a rebound.
6:32 of 2nd period - Elias Lindholm wins face-off versus Cody Glass in Dallas Stars zone.
6:40 of 2nd period - Off-side.
6:41 of 2nd period - Cody Glass wins face-off versus Elias Lindholm in neutral zone.
6:46 of 2nd period - Wrist shot by Brandon Duhaime.
6:46 of 2nd period - Shot Misses the Net.
6:48 of 2nd period - Wrist shot by Brandon Duhaime.
6:48 of 2nd period - Shot Misses the Net.
7:29 of 2nd period - Elias Lindholm is hit by Kaapo Kakko.
8:14 of 2nd period - Wrist shot by Brendan Gallagher.
8:14 of 2nd period - Shot Misses the Net.
8:59 of 2nd period - Slapshot by Cody Glass.
8:59 of 2nd period - Stopped by Ukko-Pekka Luukkonen without a rebound.
9:00 of 2nd period - Colton Sissons wins face-off versus Jonatan Berggren in Dallas Stars zone.
9:24 of 2nd period - Jordan Martinook is hit by Colton Sissons and loses puck.
9:29 of 2nd period - Wrist shot by Colton Sissons.
9:29 of 2nd period - Shot Blocked by Trevor van Riemsdyk.
9:31 of 2nd period - Snap shot by Nick Blankenburg.
9:31 of 2nd period - Deflect By Trevor van Riemsdyk.
9:31 of 2nd period - Stopped by Ukko-Pekka Luukkonen with a rebound.
9:33 of 2nd period - Slapshot by Nick Blankenburg.
9:33 of 2nd period - Shot Misses the Net.
9:35 of 2nd period - Snap shot by Colton Sissons.
9:35 of 2nd period - Stopped by Ukko-Pekka Luukkonen without a rebound.
9:36 of 2nd period - Radek Faksa wins face-off versus Philip Tomasino in Dallas Stars zone.
9:37 of 2nd period - Wrist shot by Kirby Dach.
9:37 of 2nd period - Stopped by Ukko-Pekka Luukkonen without a rebound.
9:38 of 2nd period - Radek Faksa wins face-off versus Philip Tomasino in Dallas Stars zone.
9:49 of 2nd period - Wrist shot by Kirby Dach.
9:49 of 2nd period - Stopped by Ukko-Pekka Luukkonen with a rebound.
10:01 of 2nd period - Cole Guttman is hit by Joel Kiviranta and loses puck.
10:42 of 2nd period - Nick Blankenburg is hit by Arber Xhekaj and loses puck.
10:59 of 2nd period - Snap shot by Alex Iafallo.
10:59 of 2nd period - Stopped by Jake Allen without a rebound.
11:00 of 2nd period - Philip Tomasino wins face-off versus Alex Steeves in Philadelphia Flyers zone.
11:03 of 2nd period - Wrist shot by Alex Iafallo.
11:03 of 2nd period - Stopped by Jake Allen without a rebound.
11:04 of 2nd period - Alex Steeves wins face-off versus Philip Tomasino in Philadelphia Flyers zone.
11:11 of 2nd period - Snap shot by Thomas Novak.
11:11 of 2nd period - Stopped by Ukko-Pekka Luukkonen without a rebound.
11:12 of 2nd period - Philip Tomasino wins face-off versus Radek Faksa in Dallas Stars zone.
11:47 of 2nd period - Slapshot by Trent Frederic.
11:47 of 2nd period - Shot Misses the Net.
11:49 of 2nd period - Slapshot by Jakob Chychrun.
11:49 of 2nd period - Stopped by Jake Allen with a rebound.
11:59 of 2nd period - J.J. Moser is hit by Jakob Chychrun and loses puck.
12:23 of 2nd period - Off-side.
12:24 of 2nd period - Jonatan Berggren wins face-off versus Alex Steeves in neutral zone.
13:10 of 2nd period - Minor Penalty to Will Borgen for Hooking.
13:11 of 2nd period - Radek Faksa wins face-off versus Alex Iafallo in Philadelphia Flyers zone.
13:11 of 2nd period - Radek Faksa is hit by Jordan Martinook.
13:22 of 2nd period - Snap shot by Radek Faksa.
13:22 of 2nd period - Shot Misses the Net.
15:10 of 2nd period - Penalty to Will Borgen is over, Will Borgen is back on ice.
15:39 of 2nd period - Kaapo Kakko is hit by Jordan Greenway and loses puck.
16:33 of 2nd period - Luke Kunin is hit by Thomas Novak and loses puck.
16:59 of 2nd period - Josh Anderson is hit by Radek Faksa and loses puck.
17:18 of 2nd period - Zac Jones is hit by Elias Lindholm and loses puck.
17:25 of 2nd period - Snap shot by Elias Lindholm.
17:25 of 2nd period - Shot Blocked by Thomas Novak.
17:51 of 2nd period - Josh Anderson is hit by Jack McBain and loses puck.
18:43 of 2nd period - Radek Faksa is hit by Nils Lundkvist and loses puck.
19:18 of 2nd period - Radek Faksa is hit by Trevor van Riemsdyk.
19:28 of 2nd period - Wrist shot by Alex Steeves.
19:28 of 2nd period - Stopped by Ukko-Pekka Luukkonen with a rebound.
19:30 of 2nd period - Snap shot by Alex Steeves.
19:30 of 2nd period - Stopped by Ukko-Pekka Luukkonen with a rebound.
19:32 of 2nd period - Wrist shot by Thomas Novak.
19:32 of 2nd period - Stopped by Ukko-Pekka Luukkonen with a rebound.
19:37 of 2nd period - Off-side.
19:38 of 2nd period - Cody Glass wins face-off versus Jack Drury in neutral zone.
Goals for this period are 2 for Dallas Stars vs 0 for Philadelphia Flyers.
Shots for this period are 13 for Dallas Stars vs 16 for Philadelphia Flyers.
3rd period
0:01 of 3rd period - Jonatan Berggren wins face-off versus Jack McBain in neutral zone.
0:12 of 3rd period - Slapshot by Luke Kunin.
0:12 of 3rd period - Shot Misses the Net.
0:14 of 3rd period - Snap shot by Dougie Hamilton.
0:14 of 3rd period - Shot Misses the Net.
0:16 of 3rd period - Backhand shot by Trevor van Riemsdyk.
0:16 of 3rd period - Stopped by Jake Allen with a rebound.
0:32 of 3rd period - Minor Penalty to Arber Xhekaj for High sticking.
0:33 of 3rd period - Brendan Gallagher wins face-off versus Colton Sissons in Dallas Stars zone.
1:44 of 3rd period - Cam York is hit by J.J. Moser and loses puck.
2:32 of 3rd period - Penalty to Arber Xhekaj is over, Arber Xhekaj is back on ice.
2:44 of 3rd period - Zac Jones is hit by Nils Lundkvist and loses puck.
3:12 of 3rd period - Jack McBain is hit by Joel Kiviranta and loses puck.
3:30 of 3rd period - Henri Jokiharju is hit by Jordan Martinook.
4:14 of 3rd period - Nick Blankenburg is hit by Arber Xhekaj and loses puck.
4:45 of 3rd period - Jack McBain is hit by Jakob Chychrun and loses puck.
5:14 of 3rd period - Icing by Brandon Duhaime.
5:15 of 3rd period - Cody Glass wins face-off versus Jonatan Berggren in Philadelphia Flyers zone.
6:00 of 3rd period - Slapshot by Henri Jokiharju.
6:00 of 3rd period - Shot Misses the Net.
6:02 of 3rd period - Snap shot by Radek Faksa.
6:02 of 3rd period - Deflect By Jeff Skinner.
6:02 of 3rd period - Goal by Jeff Skinner - Dallas Stars : 5 - Philadelphia Flyers : 1.
6:03 of 3rd period - Jonatan Berggren wins face-off versus Colton Sissons in neutral zone.
6:12 of 3rd period - Slapshot by Trevor van Riemsdyk.
6:12 of 3rd period - Stopped by Jake Allen with a rebound.
6:18 of 3rd period - Slapshot by Kirby Dach.
6:18 of 3rd period - Stopped by Ukko-Pekka Luukkonen without a rebound.
6:19 of 3rd period - Radek Faksa wins face-off versus Philip Tomasino in Dallas Stars zone.
6:20 of 3rd period - Snap shot by Colton Sissons.
6:20 of 3rd period - Shot Misses the Net.
7:12 of 3rd period - Will Borgen is hit by Josh Anderson and loses puck.
7:28 of 3rd period - Will Borgen is hit by Trent Frederic and loses puck.
8:06 of 3rd period - Jordan Martinook is hit by Alex Steeves and loses puck.
8:22 of 3rd period - Off-side.
8:23 of 3rd period - Kaapo Kakko wins face-off versus Elias Lindholm in neutral zone.
8:35 of 3rd period - Snap shot by Josh Anderson.
8:35 of 3rd period - Shot Hit the Post.
8:53 of 3rd period - Wrist shot by Kaapo Kakko.
8:53 of 3rd period - Stopped by Ukko-Pekka Luukkonen without a rebound.
8:54 of 3rd period - Jonatan Berggren wins face-off versus Jack McBain in Dallas Stars zone.
9:02 of 3rd period - Snap shot by Colton Sissons.
9:02 of 3rd period - Shot Blocked by Arber Xhekaj.
9:04 of 3rd period - Wrist shot by J.J. Moser.
9:04 of 3rd period - Stopped by Ukko-Pekka Luukkonen with a rebound.
9:06 of 3rd period - Slapshot by J.J. Moser.
9:06 of 3rd period - Stopped by Ukko-Pekka Luukkonen with a rebound.
9:08 of 3rd period - Snap shot by J.J. Moser.
9:08 of 3rd period - Stopped by Ukko-Pekka Luukkonen with a rebound.
9:10 of 3rd period - Slapshot by Nick Blankenburg.
9:10 of 3rd period - Shot Misses the Net.
9:31 of 3rd period - Minor Penalty to Jordan Greenway for Diving.
9:32 of 3rd period - Colton Sissons wins face-off versus Jordan Martinook in Dallas Stars zone.
9:34 of 3rd period - Snap shot by Colton Sissons.
9:34 of 3rd period - Stopped by Ukko-Pekka Luukkonen without a rebound.
9:35 of 3rd period - Kirby Dach wins face-off versus Brendan Gallagher in Dallas Stars zone.
9:43 of 3rd period - Off-side.
9:44 of 3rd period - Cody Glass wins face-off versus Elias Lindholm in neutral zone.
9:47 of 3rd period - Snap shot by Thomas Novak.
9:47 of 3rd period - Shot Misses the Net.
9:49 of 3rd period - Snap shot by Thomas Novak.
9:49 of 3rd period - Goal by Thomas Novak - Dallas Stars : 5 - Philadelphia Flyers : 2.
9:50 of 3rd period - Alex Iafallo wins face-off versus Colton Sissons in neutral zone.
12:13 of 3rd period - Wrist shot by Kirby Dach.
12:13 of 3rd period - Shot Blocked by Nils Lundkvist.
12:25 of 3rd period - Radek Faksa is hit by Jordan Greenway and loses puck.
12:43 of 3rd period - Wrist shot by Thomas Novak.
12:43 of 3rd period - Stopped by Ukko-Pekka Luukkonen with a rebound.
12:45 of 3rd period - Slapshot by J.J. Moser.
12:45 of 3rd period - Stopped by Ukko-Pekka Luukkonen with a rebound.
13:00 of 3rd period - Minor Penalty to Colton Sissons for Tripping.
13:01 of 3rd period - Alex Iafallo wins face-off versus Radek Faksa in Philadelphia Flyers zone.
13:12 of 3rd period - Icing by Luke Kunin.
13:13 of 3rd period - Alex Iafallo wins face-off versus Kaapo Kakko in Dallas Stars zone.
13:44 of 3rd period - Snap shot by Jordan Martinook.
13:44 of 3rd period - Shot Misses the Net.
13:46 of 3rd period - Wrist shot by Alex Iafallo.
13:46 of 3rd period - Deflect By Luke Kunin.
13:46 of 3rd period - Goal by Luke Kunin - Dallas Stars : 6 - Philadelphia Flyers : 2.
13:47 of 3rd period - Josh Anderson wins face-off versus Colton Sissons in neutral zone.
14:22 of 3rd period - Snap shot by Luke Kunin.
14:22 of 3rd period - Stopped by Jake Allen with a rebound.
14:24 of 3rd period - Slapshot by Dougie Hamilton.
14:24 of 3rd period - Shot Blocked by Henri Jokiharju.
15:09 of 3rd period - Snap shot by Jack McBain.
15:09 of 3rd period - Stopped by Ukko-Pekka Luukkonen with a rebound.
15:11 of 3rd period - Slapshot by Jack McBain.
15:11 of 3rd period - Stopped by Ukko-Pekka Luukkonen with a rebound.
15:13 of 3rd period - Snap shot by Colton Sissons.
15:13 of 3rd period - Stopped by Ukko-Pekka Luukkonen with a rebound.
16:28 of 3rd period - Snap shot by Alex Iafallo.
16:28 of 3rd period - Shot Blocked by Zac Jones.
17:23 of 3rd period - Philip Tomasino is hit by Cole Guttman and loses puck.
17:34 of 3rd period - Double Minor Penalty to Nick Blankenburg for Roughing.
17:35 of 3rd period - Elias Lindholm wins face-off versus Radek Faksa in Philadelphia Flyers zone.
17:38 of 3rd period - Wrist shot by Josh Anderson.
17:38 of 3rd period - Deflect By Brendan Gallagher.
17:38 of 3rd period - Goal by Brendan Gallagher - Dallas Stars : 7 - Philadelphia Flyers : 2.
17:39 of 3rd period - Radek Faksa wins face-off versus Alex Iafallo in neutral zone.
17:50 of 3rd period - Backhand shot by Alex Iafallo.
17:50 of 3rd period - Shot Blocked by Louis Crevier.
17:52 of 3rd period - Snap shot by Cam York.
17:52 of 3rd period - Stopped by Jake Allen without a rebound.
17:53 of 3rd period - Elias Lindholm wins face-off versus Colton Sissons in Philadelphia Flyers zone.
17:56 of 3rd period - Slapshot by Elias Lindholm.
17:56 of 3rd period - Shot Misses the Net.
18:02 of 3rd period - Wrist shot by Elias Lindholm.
18:02 of 3rd period - Stopped by Jake Allen with a rebound.
18:26 of 3rd period - Wrist shot by Jack McBain.
18:26 of 3rd period - Shot Misses the Net.
18:28 of 3rd period - Snap shot by Will Borgen.
18:28 of 3rd period - Shot Blocked by Jakob Chychrun.
19:38 of 3rd period - Penalty to Nick Blankenburg is over, Nick Blankenburg is back on ice.
Goals for this period are 2 for Dallas Stars vs 2 for Philadelphia Flyers.
Shots for this period are 7 for Dallas Stars vs 13 for Philadelphia Flyers.
Back to the Top